 Dungeon Crawl Stone Soup version 0.32-a0-656-g3542139ebd (webtiles) character file.

Game seed: 17665353216835086133

1463 kae the Carver (level 8, -2/56 HPs)
             Began as a Coglin Gladiator on Mar 8, 2024.
             Killed by divine providence
             ... invoked by an orc priest
              (15 damage)
             ... on level 6 of the Dungeon.
             The game lasted 00:05:56 (5006 turns).

kae the Carver (Coglin Gladiator)                   Turns: 5006, Time: 00:05:57

Health: -2/56      AC:  9    Str: 15    XL:     8   Next: 77%
Magic:  8/8        EV: 10    Int:  7    God:
Gold:   243        SH:  0    Dex: 18    Spells: 7/7 levels left

rFire   + . .        a - +0 long sword {Tlaloc}
rCold   . . .        l - +1 falchion {Octavius}
rNeg    . . .        r - +1 scale mail {rF+}
rPois   .            c - +0 helmet
rElec   .            g - +0 cloak
rCorr   .            (no gloves)
SInv    .            (no boots)
Will    .....        (amulet unavailable) Stlth
                     (ring unavailable)
HPRegen 0.29/turn    (ring unavailable)
MPRegen 0.11/turn    (no gizmo)

%: clarity
@: hasted, revved, very quick
A: off-hand wielding, slow wielding, warmup strikes, no jewellery, clarity,
noise suppression
a: Invent Gizmo, Convert to Beogh


You were on level 6 of the Dungeon.
You visited 1 branch of the dungeon, and saw 6 of its levels.

You collected 300 gold pieces.
You spent 57 gold pieces at shops.


Innate Abilities, Weirdness & Mutations

You can wield a second weapon in your off-hand.
It takes a long time for you to wield or remove held weapons.
Your first few attacks do less damage.
You cannot equip rings or amulets.
You possess an exceptional clarity of mind.
You passively dampen the noise of your surroundings.


   Skills:
 - Level 2.0 Fighting
 + Level 11.0 Long Blades
 - Level 1.7 Throwing
 - Level 2.6 Dodging


You had 7 spell levels left.
You didn't know any spells.
Your spell library contained the following spells:

 Spells                   Type           Power      Damage    Failure   Level
 Freeze                   Ice            0%         1d3       89%         1
 Frozen Ramparts          Ice            0%         1d1       99%         3
 Hailstorm                Conj/Ice       0%         3d5       99%         3
 Tukima's Dance           Hex            0%         N/A       99%         3
 Leda's Liquefaction      Alch/Erth      0%         N/A       100%        4
 Passage of Golubria      Tloc           0%         N/A       100%        4
 Petrify                  Alch/Erth      0%         N/A       100%        4
 Metabolic Englaciation   Hex/Ice        0%         N/A       100%        5
 Yara's Violent Unravell  Hex/Alch       0%         3d3       100%        5

Inventory:

Hand Weapons
 a - a +0 long sword (weapon) {Tlaloc}
 f - a +0 dagger {Astrid}
 l - a +1 falchion (offhand) {Octavius}
   (You found it on level 1 of the Dungeon)
Missiles
 d - 3 throwing nets (quivered) {=f!f}
 e - a javelin
 h - 70 stones
 m - 12 poisoned darts
 q - 2 boomerangs
Armour
 b - a +0 leather armour
 c - a +0 helmet (worn)
 g - a +0 cloak (worn)
   (You found it on level 4 of the Dungeon)
 r - a +1 scale mail of fire resistance (worn)
   (You took it off an orc on level 4 of the Dungeon)
Magical Staves
 t - a staff of earth {!a}
   (You took it off a goblin on level 3 of the Dungeon)
Jewellery
 i - the amulet "Coenaos" {Reflect Rampage Fly rF+ rC+ SH+5}
   (You took it off a gnoll on level 5 of the Dungeon)

   [amulet of reflection]

   Reflect:   It reflects blocked missile attacks.
   rF+:       It protects you from fire.
   rC+:       It protects you from cold.
   Fly:       It grants you flight.
   SH+5:      It affects your SH (+5).
   Rampage:   It bestows one free step when moving towards enemies.
 s - a +6 ring of strength
   (You found it on level 4 of the Dungeon)
 F - a ring of protection from fire
   (You found it on level 1 of the Dungeon)
 S - a +6 ring of strength
   (You found it on level 2 of the Dungeon)
 Y - a +4 ring of slaying
   (You found it on level 5 of the Dungeon)
Wands
 k - a wand of roots (21)
   (You found it on level 4 of the Dungeon)
 D - a wand of flame (27)
   (You found it on level 5 of the Dungeon)
Scrolls
 j - 2 scrolls of identify {@r1}
 n - 3 scrolls of enchant armour
 p - a scroll of vulnerability {!r!r}
 v - a scroll of fog
 y - a scroll of torment {!r}
 A - a scroll of revelation
 C - a scroll of immolation {!r!r}
Potions
 o - a potion of lignification {!q}
 u - a potion of cancellation
 w - 4 potions of enlightenment
 x - 2 potions of haste {@q3}

Dungeon Overview and Level Annotations

Branches:
Dungeon (6/15) Zot: 26318
 Temple: D:4-7

Altars:
Nemelex Xobeh

Shops:
D:4 *

Annotations:
D:4 1 runed translucent door, Crazy Yiuf

#.# .# #.# g>.
#.# .g..
..o####.##.gg..
5.oo5.og...)$..
#.# ###.# .....
###o..# .....
###)@g### .....
#.$5### .....
#.### #....
###.# ###.####
#...#
#..[.###.###
####.#...# #
#.....>### #
#.######


You could see an orc priest, a gnoll and an ufetubus.


Message History

The ufetubus misses you. The ufetubus hits you.
You hit the ufetubus with your +1 falchion.
You closely miss the ufetubus with your +0 long sword.
The ufetubus barely misses you.
The ufetubus hits you but does no damage. 😮 HP[-1]
You take 1 damage, and now have 42/56 hp.
You closely miss the ufetubus with your +1 falchion.
You hit the ufetubus with your +0 long sword.
The ufetubus hits you but does no damage. x2
You hit the ufetubus with your +1 falchion.
You kill the ufetubus!
The orc throws a stone.
The stone closely misses you. 😕 HP[+1]
You closely miss the orc with your +1 falchion.
You closely miss the orc with your +0 long sword.
You hit the orc but do no damage. x2; The orc hits you but does no damage.
You barely miss the orc with your +0 long sword.
You slash the orc with your +1 falchion!
You kill the orc!
The orc closely misses you.
Items here: $ ) [ †.
You hit the gnoll sergeant with your +0 long sword.
You barely miss the gnoll sergeant with your +1 falchion.
The gnoll sergeant barely misses you. The gnoll barely misses you.
You slash the gnoll sergeant with your +0 long sword!
You hit the gnoll sergeant with your +1 falchion.
The orc closely misses you. 😕 HP[+1]
You slash the gnoll sergeant with your +1 falchion!
You kill the gnoll sergeant!
The gnoll barely misses you.
Your Long Blades skill increases to level 11!
You hit the orc with your +0 long sword.
You hit the orc with your +1 falchion.
You kill the orc!
The gnoll closely misses you. The gnoll hits you but does no damage.
Things that are here:
a +1 heavy mace; 5 stones; an orc corpse You hit the gnoll with your +0 long sword.
You closely miss the gnoll with your +1 falchion.
You barely miss the gnoll with your +1 falchion.
You closely miss the gnoll with your +0 long sword.
The gnoll hits you from afar with a +0 halberd.
The gnoll hits you with a +0 halberd. 😮 HP[-10]
You take 10 damage, and now have 34/56 hp.
You are too injured to fight recklessly!
You are too injured to fight recklessly!
You are too injured to fight recklessly!
You are too injured to fight recklessly!
You are too injured to fight recklessly!
You are too injured to fight recklessly!
You closely miss the gnoll with your +1 falchion.
You closely miss the gnoll with your +0 long sword.
You hit the gnoll with your +1 falchion.
You slash the gnoll with your +0 long sword!
You kill the gnoll!
The gnoll misses you.
Unknown command.
The ufetubus completely misses you. The ufetubus misses you.
The gnoll hits you but does no damage.
You see here a +0 halberd.
You barely miss the ufetubus with your +1 falchion.
You miss the ufetubus with your +0 long sword.
The ufetubus slips past you! The ufetubus barely misses you.
The ufetubus hits you. 😮 HP[-4]
You take 4 damage, and now have 30/56 hp.
You hit the gnoll but do no damage. x2; The ufetubus misses you.
The ufetubus barely misses you. The gnoll hits you with a +0 halberd!
* * * LOW HITPOINT WARNING * * *
😨 HP[-7]
You take 7 damage, and now have 23/56 hp.
You barely miss the orc priest with your +0 long sword.
You hit the orc priest but do no damage.
The ufetubus closely misses you.
The ufetubus hits you but does no damage. 😨 HP[+1]
You hit the orc priest but do no damage. x2
The orc priest calls down the wrath of Beogh upon you.
Beogh smites you!
* * * LOW HITPOINT WARNING * * *
The gnoll misses you.
The ufetubus hits you but does no damage.
The ufetubus barely misses you. 😱 HP[-10]
You take 10 damage, and now have 14/56 hp.
You slash the orc priest with your +1 falchion!
The orc priest threatens, "Beogh's wrath is as vast as their mercy.
Make your choice!"
You hit the orc priest but do no damage.
The ufetubus barely misses you. The ufetubus hits you.
* * * LOW HITPOINT WARNING * * *
😱 HP[-1]
You take 1 damage, and now have 13/56 hp.
Unknown command.
You hit the orc priest but do no damage. x2
The orc priest mumbles some strange prayers to Beogh against you.
Beogh smites you!
You die...

Skill      XL: |  1  2  3  4  5  6  7  8 |
---------------+-------------------------+-----
Long Blades    | 4 5 6 7 9 11 | 11.0
Fighting       | |  2.0
Throwing       | |  1.7
Dodging        | |  2.6

Action                     |  1- 3 |  4- 6 |  7- 9 || total
---------------------------+-------+-------+-------++-------
  Melee: Long sword        |    53 |   127 |   147 ||   327
         Dagger            |    19 |       |       ||    19
         Falchion          |    31 |   136 |   145 ||   312
    Use: Scroll            |       |    11 |     7 ||    18
         Potion            |       |     3 |     5 ||     8
   Stab: Sleeping          |     1 |     1 |       ||     2
         Invisible         |       |       |    12 ||    12
 Armour: Leather armour    |    33 |   120 |    56 ||   209
         Scale mail        |       |       |    97 ||    97
  Dodge: Dodged            |    43 |    90 |   121 ||   254

Levels and vault maps discovered:
D:1:      saegor_arrival_simple_a, layout_basic,
          chequers_ecumenical_altar_twisty
D:2:      layout_rooms, serial_curves, eino_curves_02, eino_curves_04,
          basic_altar, hex_large, hangedman_decor_slide_cut
D:3:      layout_loops_cross, kennysheep_generic_room_10
D:4:      layout_basic, serial_shops, kennysheep_mini, uniq_crazy_yiuf_cottage,
          uniq_robin
D:5:      lemuel_ice_spiral_2, layout_rooms
D:6:      layout_basic

Notes
Turn   | Place    | Note
-------+----------+-------------------------------------------
     0 | D:1      | kae the Coglin Gladiator began the quest for the Orb.
     0 | D:1      | Reached XP level 1. HP: 16/16 MP: 1/1
     0 | D:1      | magus.rc [v1.11.3]
    78 | D:1      | Reached XP level 2. HP: 21/22 MP: 2/2
   394 | D:1      | Found a faded altar of an unknown god.
   708 | D:1      | You pick up a book of Sloth and begin reading...
   708 | D:1      | You add the spells Frozen Ramparts, Leda's Liquefaction,
                  | Petrify and Metabolic Englaciation to your library.
   734 | D:1      | Reached skill level 4 in Long Blades
   886 | D:1      | Reached XP level 3. HP: 27/27 MP: 3/3
   972 | D:2      | You add the spells Tukima's Dance, Passage of Golubria and
                  | Yara's Violent Unravelling to your library.
  1048 | D:2      | Reached XP level 4. HP: 11/33 MP: 4/4
  1221 | D:2      | Reached skill level 5 in Long Blades
  1231 | D:2      | Found a sparkling altar of Nemelex Xobeh.
  1624 | D:3      | Reached XP level 5. HP: 13/38 MP: 5/5
  1968 | D:3      | Found the +7 staff of the Meek {protect, meekguard}
  2328 | D:4      | Reached skill level 6 in Long Blades
  2415 | D:4      | Noticed Robin
  2455 | D:4      | Killed Robin
  2460 | D:4      | HP: 5/38 [poisoned by a goblin]
  2460 | D:4      | HP: 2/38 [goblin/+0 club[Robin] (3)]
  2462 | D:4      | Noticed an ogre
  2465 | D:4      | HP: 6/38 [poisoned by a goblin]
  2483 | D:4      | Killed an ogre
  2484 | D:4      | Reached XP level 6. HP: 22/44 MP: 6/6
  2705 | D:4      | HP: 6/44 [something/magic dart (6)]
  2708 | D:4      | Reached skill level 7 in Long Blades
  2850 | D:4      | Found Utruv's Assorted Antiques.
  2853 | D:4      | Bought a white potion for 27 gold pieces
  2853 | D:4      | Bought a scroll labelled KAUCVU QYSOGG for 30 gold pieces
  3172 | D:4      | Found a runed translucent door.
  3173 | D:4      | Noticed Crazy Yiuf
  3371 | D:5      | Entered Level 5 of the Dungeon
  3478 | D:4      | HP: 7/44 [sleepcap (20)]
  3480 | D:4      | Reached XP level 7. HP: 8/50 MP: 7/7
  3652 | D:4      | HP: 5/40 [something/magic dart (7)]
  3653 | D:4      | HP: 2/40 [something (4)]
  3691 | D:5      | Reached skill level 8 in Long Blades
  4036 | D:5      | Reached skill level 9 in Long Blades
  4340 | D:6      | Reached XP level 8. HP: 46/56 MP: 8/8
  4415 | D:6      | Identified the amulet "Coenaos" {Reflect Rampage Fly rF+
                  | rC+ SH+5}
  4593 | D:6      | Reached skill level 10 in Long Blades
  4731 | D:6      | You pick up a book of Frost and begin reading...
  4731 | D:6      | You add the spells Freeze and Hailstorm to your library.
  4972 | D:6      | Gained mutation: You possess an exceptional clarity of
                  | mind. [potion of mutation]
  4972 | D:6      | Gained mutation: You passively dampen the noise of your
                  | surroundings. [potion of mutation]
  4994 | D:6      | Reached skill level 11 in Long Blades
  5004 | D:6      | HP: 14/56 [orc priest/divine providence (10)]
  5006 | D:6      | Killed from afar by an orc priest

Vanquished Creatures
  2 steam dragons (D:6)
  An ogre (D:4)
  A phantom (D:6)
  A bullfrog (D:6)
  A gnoll sergeant (D:6)
  4 scorpions
  A bombardier beetle (D:5)
  A jelly (D:6)
  2 hounds (D:5)
  4 orc priests
  2 sleepcaps
  4 orc wizards
  Robin (D:4)
  7 gnolls
  7 adders
  2 shadow imps (D:5)
  3 ufetubi (D:6)
  2 ribbon worms (D:3)
  3 dart slugs
  22 orcs
  9 ball pythons
  7 endoplasms
  2 giant cockroaches (D:1)
  12 goblins
  11 hobgoblins
  2 jackals (D:1)
  5 quokkas
  6 bats
  2 frilled lizards
  4 kobolds
  3 rats
134 creatures vanquished.

Table legend:
 A = Non-vault XP
 B = Vault XP
 C = Vault XP percentage of total XP
 D = Non-vault monster count
 E = Vault monster count
 F = Vault count percentage of total count
                 A         B        C        D         E       F
            +---------+---------+-------+---------+---------+-------
      Total |    2051 |      39 |   1.9 |     121 |      13 |   9.7
            +---------+---------+-------+---------+---------+-------
        D:1 |      34 |       0 |   0.0 |      19 |       0 |   0.0
        D:2 |      85 |       0 |   0.0 |      20 |       0 |   0.0
        D:3 |      85 |       2 |   2.3 |      17 |       1 |   5.6
        D:4 |     441 |      37 |   7.7 |      31 |      12 |  27.9
        D:5 |     409 |       0 |   0.0 |      14 |       0 |   0.0
        D:6 |     997 |       0 |   0.0 |      20 |       0 |   0.0
            +---------+---------+-------+---------+---------+-------

Skill      XL: |  1  2  3  4  5  6  7  8 |
---------------+-------------------------+-----
Long Blades    | 4 5 6 7 9 11 | 11.0
Fighting       | |  2.0
Throwing       | |  1.7
Dodging        | |  2.6

Action                     |  1- 3 |  4- 6 |  7- 9 || total
---------------------------+-------+-------+-------++-------
  Melee: Long sword        |    53 |   127 |   147 ||   327
         Dagger            |    19 |       |       ||    19
         Falchion          |    31 |   136 |   145 ||   312
    Use: Scroll            |       |    11 |     7 ||    18
         Potion            |       |     3 |     5 ||     8
   Stab: Sleeping          |     1 |     1 |       ||     2
         Invisible         |       |       |    12 ||    12
 Armour: Leather armour    |    33 |   120 |    56 ||   209
         Scale mail        |       |       |    97 ||    97
  Dodge: Dodged            |    43 |    90 |   121 ||   254

Illustrated notes

Table legend:
 A = Kills in this place as a percentage of kills in the entire game.
 B = Kills by you in this place as a percentage of kills by you in the entire game.
 C = Kills by friends in this place as a percentage of kills by friends in the entire game.
 D = Other kills in this place as a percentage of other kills in the entire game.
 E = Experience gained in this place as a percentage of experience gained in the entire game.
 F = Experience gained in this place divided by the number of levels of this place that you have seen.
                   A       B       C       D       E      F
               +-------+-------+-------+-------+-------+----------------------
         Total | 100.0 | 100.0 |   N/A |   N/A | 100.0 | 348.3
       Dungeon | 100.0 | 100.0 |   N/A |   N/A | 100.0 | 348.3
               +-------+-------+-------+-------+-------+----------------------

Table legend: (Time is in decaauts)
 A = Elapsed time spent in this place.
 B = Non-inter-level travel time spent in this place.
 C = Inter-level travel time spent in this place.
 D = Time resting spent in this place.
 E = Time spent auto-exploring this place.
 F = Levels seen in this place.
 G = Mean time per level.
                   A        B        C        D        E       F      G
               +--------+--------+--------+--------+--------+-----+--------+
         Total |   4994 |   4829 |    165 |    614 |   3306 |   6 |  832.3 |
       Dungeon |   4994 |   4829 |    165 |    614 |   3306 |   6 |  832.3 |
               +--------+--------+--------+--------+--------+-----+--------+

Top non-repeatable levels by time:
     D:4: 1367 daAuts
     D:1: 936 daAuts
     D:5: 752 daAuts
     D:3: 703 daAuts
     D:2: 674 daAuts
     D:6: 560 daAuts
